Workbook
Name HTML_CodePage: 1252
Name HTML_Control: {"'SCA Quarterly'!$A$41:$W$70"}
Name HTML_Control: {"'SCA Quarterly'!$A$41:$W$70"}
Name HTML_Control: {"'SCA Quarterly'!$A$41:$W$70"}
Name HTML_Description: ""
Name HTML_Email: ""
Name HTML_Header: ""
Name HTML_LastUpdate: ""
Name HTML_LineAfter: FALSE
Name HTML_LineBefore: FALSE
Name HTML_Name: ""
Name HTML_OBDlg2: TRUE
Name HTML_OBDlg4: TRUE
Name HTML_OS: 0
Name HTML_PathFile: "J:\frameroot\Financial\Screen\Cashflow-quarterly_ny.htm"
Name HTML_Title: ""

Sheet Income statement
A1: Consolidated income statement
A3: SEKm | B3: 20251) | C3: 20241) | D3: 20231) | E3: 20221) | F3: 20211) | G3: 2020 | H3: 2019 | I3: 2018 | J3: 2017 | K3: 2016
A4: Net sales | B4: 138494 | C4: 145546 | D4: 147147 | E4: 131320 | F4: 101466 | G4: 121752 | H4: 128975 | I4: 118500 | J4: 109265 | K4: 101238
A5: Cost of goods sold | B5: -92351 | C5: -97929 | D5: -102627 | E5: -97395 | F5: -72176 | G5: -82132 | H5: -90876 | I5: -85058 | J5: -76899 | K5: -72438
A6: Items affecting comparability (IAC) - cost of goods sold | B6: -21 | C6: -483 | D6: -1349 | E6: -1899 | F6: -146 | G6: -181 | H6: -243 | I6: -1437 | J6: -509 | K6: -532
A7: Gross profit | B7: =SUM(B4:B6) -> 46122 | C7: 47134 | D7: 43171.187 | E7: 32026 | F7: 29144 | G7: 39439 | H7: 37856 | I7: 32005 | J7: 31857 | K7: 28268
A8: Gross profit excl. IAC | B8: =B4+B5 -> 46143 | C8: =C4+C5 -> 47617 | D8: =D4+D5 -> 44520 | E8: =E4+E5 -> 33925 | F8: =F4+F5 -> 29290 | G8: =G4+G5 -> 39620 | H8: =H4+H5 -> 38099 | I8: =I4+I5 -> 33442 | ... K8: =K4+K5 -> 28800
A9: Sales, general and administration | B9: -26571 | C9: -27351 | D9: =-25661 -> -25661 | E9: -21916 | F9: -17897 | G9: -22088 | H9: -22319 | I9: -20570 | J9: -19130 | K9: -16965
A10: Items affecting comparability (IAC) - sales, general and administration | B10: -48 | C10: -386 | D10: -942 | E10: -272 | F10: 517 | G10: 122 | H10: -470 | I10: 62 | J10: -346 | K10: -2113
A11: Share of results of associates and joint ventures2) | B11: 0 | C11: 78 | D11: 39 | E11: 38 | F11: 59 | G11: 94 | H11: 60 | I11: 63 | J11: 169 | K11: 157
A12: Operating profit before amortization of acquisition-related intangible assets (EBITA) | B12: =B7+B9+B10+B11 -> 19503 | C12: =C7+C9+C10+C11 -> 19475 | D12: =D7+D9+D10+D11 -> 16607.187 | E12: =E7+E9+E10+E11 -> 9876 | F12: =F7+F9+F10+F11 -> 11823 | G12: =G7+G9+G10+G11 -> 17567 | H12: =H7+H9+H10+H11 -> 15127 | I12: =I7+I9+I10+I11 -> 11560 | ... K12: =K7+K9+K10+K11 -> 9347
A13: Operating profit before amortization of acquisition-related intangible assets (EBITA), excl. IAC | B13: =B8+B9+B11 -> 19572 | C13: =C8+C9+C11 -> 20344 | D13: =D8+D9+D11 -> 18898 | E13: =E8+E9+E11 -> 12047 | F13: =F8+F9+F11 -> 11452 | G13: =G8+G9+G11 -> 17626 | H13: =H8+H9+H11 -> 15840 | I13: =I8+I9+I11 -> 12935 | ... K13: =K8+K9+K11 -> 11992
A14: Amortization of acquisition-related intangible assets | B14: -972 | C14: -1110 | D14: -1109 | E14: -1111 | F14: -844 | G14: -809 | H14: -778 | I14: -732 | J14: -560 | K14: -159
A15: Items affecting comparability (IAC) - acquisition-related intangible assets | B15: 0 | C15: -70 | D15: -350 | E15: -274 | F15: 0 | G15: 0 | H15: 0 | I15: -69 | J15: -85 | K15: -180
A16: Operating profit | B16: =B12+B14+B15 -> 18531 | C16: =C12+C14+C15 -> 18295 | D16: =D12+D14+D15 -> 15148.187 | E16: =E12+E14+E15 -> 8491 | F16: =F12+F14+F15 -> 10979 | G16: =G12+G14+G15 -> 16758 | H16: =H12+H14+H15 -> 14349 | I16: =I12+I14+I15 -> 10759 | ... K16: =K12+K14+K15 -> 9008
A17: Operating profit excl. IAC | B17: =B13+B14 -> 18600 | C17: =C13+C14 -> 19234 | D17: =D13+D14 -> 17789 | E17: =E13+E14 -> 10936 | F17: =F13+F14 -> 10608 | G17: =G13+G14 -> 16817 | H17: =H13+H14 -> 15062 | I17: =I13+I14 -> 12203 | ... K17: =K13+K14 -> 11833
A18: Share of results of associates and joint ventures2) | B18: 14 | C18: 0 | D18: 0 | E18: 0 | F18: 0 | G18: 0 | H18: 0 | I18: 0 | J18: 0 | K18: 0
A19: Financial income | B19: 257 | C19: 593 | D19: 412 | E19: 141 | F19: 81 | G19: 108 | H19: 106 | I19: 91 | J19: 158 | K19: 202
A20: Financial expenses | B20: -1641 | C20: -2524 | D20: -2768 | E20: -1461 | F20: -648 | G20: -1066 | H20: -1415 | I20: -1248 | J20: -1340 | K20: -1037
A21: Profit before tax | B21: =B16+B18+B19+B20 -> 17161 | C21: =C16+C18+C19+C20 -> 16364 | D21: =D16+D18+D19+D20 -> 12792.187 | E21: =E16+E18+E19+E20 -> 7171 | F21: =F16+F18+F19+F20 -> 10412 | G21: =G16+G18+G19+G20 -> 15800 | H21: =H16+H18+H19+H20 -> 13040 | I21: =I16+I18+I19+I20 -> 9602 | ... K21: =K16+K18+K19+K20 -> 8173
A22: Profit before tax excl. IAC | B22: =B17+B18+B19+B20 -> 17230 | C22: =C17+C18+C19+C20 -> 17303 | D22: =D17+D18+D19+D20 -> 15433 | E22: =E17+E18+E19+E20 -> 9616 | F22: =F17+F18+F19+F20 -> 10041 | G22: =G17+G18+G19+G20 -> 15859 | H22: =H17+H18+H19+H20 -> 13753 | I22: =I17+I18+I19+I20 -> 11046 | ... K22: =K17+K18+K19+K20 -> 10998
A23: Income taxes | B23: -4443 | C23: -4331 | D23: -3275 | E23: -2006 | F23: -2398 | G23: -4053 | H23: -2828 | I23: -1050 | J23: -1938 | K23: -3931
A24: Profit for the period, continuing operations | B24: =B21+B23 -> 12718 | C24: =C21+C23 -> 12033 | D24: =D21+D23 -> 9517.1874 | E24: =E21+E23 -> 5165 | F24: =F21+F23 -> 8014
A25: Profit for the period excl. IAC, continuing operations | B25: 12718 | C25: 12778 | D25: 11634 | E25: 7410 | F25: 7566
A26: Profit for the period, discontinued operations | B26: - | C26: 9015 | D26: 279 | E26: 899 | F26: 1797
A27: Profit for the period | B27: 12718 | C27: 21048 | D27: 9796 | E27: 6064 | F27: 9810 | G27: 11747 | H27: 10212 | I27: 8552 | J27: 8785 | K27: 4242
A29: Earnings attributable to:
A30: Owners of the Parent company
A31: Profit for the period, continuing operations | B31: 12656 | C31: 11969 | D31: 9440 | E31: 5110 | F31: 7695
A32: Profit for the period, discontinued operations | B32: - | C32: 8919 | D32: 114 | E32: 457 | F32: 925
A33: Profit for the period, total operations | B33: =B31 -> 12656 | C33: 20888 | D33: 9554 | E33: 5567 | F33: 8620 | G33: 10228 | H33: 9216 | I33: 7886 | J33: 8116 | K33: 3800
A35: Non-controlling interests
A36: Profit for the period, continuing operations | B36: 62 | C36: 64 | D36: 77 | E36: 55 | F36: 318
A37: Profit for the period, discontinued operations | B37: - | C37: 96 | D37: 165 | E37: 442 | F37: 872
A38: Profit for the period, total operations | B38: =B36 -> 62 | C38: 160 | D38: 242 | E38: 497 | F38: 1190 | G38: 1519 | H38: 996 | I38: 666 | J38: 669 | K38: 442
A40: Earnings per share - owners of the Parent company
A41: Earnings per share before and after dilution effects, SEK 3) | B41: 18.37 | C41: 29.83 | D41: 13.603586 | E41: 7.93 | F41: 12.27 | G41: 14.56 | H41: 13.12 | I41: 11.23 | J41: 11.56 | K41: 5.41
A42: Earnings per share before and after dilution effects, continuing operations, SEK | B42: 18.37 | C42: 17.09 | D42: 13.440876 | E42: 7.2753745 | F42: 10.956077
A43: Earnings per share before and after dilution effects, discontinued operations, SEK | B43: - | C43: 12.74 | D43: 0.16271022 | E43: 0.65108556 | F43: 1.3176784
A45: Dividend per share, SEK | B45: 8.75 | C45: 8.25 | D45: 7.75 | E45: 7.25 | F45: 7 | G45: 6.75 | H45: 6.25 | I45: 5.75 | J45: 5.75
A46: Average number of shares before and after dilution, million 3) | B46: 689 | C46: 700.3 | D46: 702.3 | E46: 702.3 | F46: 702.3 | G46: 702.3 | H46: 702.3 | I46: 702.3 | J46: 702.3 | K46: 702.3
A48: By operating segment (SEKm)
A49: Net Sales
A50: Health & Medical 4) | B50: 27468 | C50: 28599 | D50: 27729 | E50: 24708 | F50: 21255 | G50: 21170 | H50: 22075
A51: Consumer Goods 4) | B51: 75095 | C51: 78892 | D51: 79912 | E51: 72241 | F51: 55821 | G51: 75146 | H51: 76169
A52: Professional Hygiene | B52: 35904 | C52: 38067 | D52: 39481 | E52: 34393 | F52: 24392 | G52: 25418 | H52: 30731
A53: Other | B53: 27 | C53: -12 | D53: 25 | E53: -22 | F53: -2 | G53: 18 | H53: -
A54: Total | B54: =SUM(B50:B53) -> 138494 | C54: 145546 | D54: 147147 | E54: 131320 | F54: 101466 | G54: 121752 | H54: 128975 | I54: 118500 | J54: 109265 | K54: 101238
A56: EBITA excl. IAC 5)
A57: Health & Medical 4) | B57: 4946 | C57: 5509 | D57: 4037 | E57: 2904 | F57: 3800 | G57: 3668 | H57: 3734
A58: Consumer Goods 4) | B58: 9605 | C58: 9509 | D58: 9797 | E58: 6354 | F58: 5767 | G58: 11538 | H58: 8333
A59: Professional Hygiene | B59: 6364 | C59: 6829 | D59: 6288 | E59: 3843 | F59: 2673 | G59: 3317 | H59: 4463
A60: Other | B60: -1343 | C60: -1503 | D60: -1224 | E60: -1054 | F60: -789 | G60: -897 | H60: -690 | I60: -591 | J60: -620 | K60: -577
A61: Total EBITA excl. IAC 5) | B61: =SUM(B57:B60) -> 19572 | C61: 20344 | D61: 18898 | E61: 12047 | F61: 11451 | G61: 17626 | H61: 15840 | I61: 12935 | J61: 13405 | K61: 11992
A63: 1) Income statement for the 2021-2025 period refers to continuing operations.
A64: 2) Until 2024, the share of results of associates and joint ventures was recognized in operating profit. From 2025 onwards, these results are recognized below operating profit.
A65: 3) Indicative earnings per share on the assumption that the number of issued shares in Essity as of December 31, 2016 corresponded to the number of issued shares in Essity on December 31, 2018 (702.3 million).
A66: 4) Essity has decided on new business areas which, as of January 1, 2022, consist of Health & Medical, Consumer Goods and Professional Hygiene. Comparative figures for the new Health & Medical and Consumer Goods
A67: business areas have been restated from 2019.
A68: 5) Excluding items affecting comparability.

Sheet Balance sheet
A1: Consolidated balance sheet
A3: SEKm | B3: Dec 31, 2025 | D3: Dec 31, 2024 | F3: Dec 31, 2023 | H3: Dec 31, 2022 | I3: Dec 31, 2021 | J3: Dec 31, 2020 | K3: Dec 31, 2019 | L3: Dec 31, 2018 | M3: Dec 31, 2017 | N3: Dec 31, 2016
A4: ASSETS
A5: Non-current assets
A6: Goodwill | B6: 36861 | D6: 41137 | F6: 39337 | H6: 44786 | I6: 37803 | J6: 32324 | K6: 34581 | L6: 33553 | M6: 31697 | N6: 19253
A7: Intangible assets | B7: 18273 | D7: 20734 | F7: 21345 | H7: 25346 | I7: 21806 | J7: 18574 | K7: 21182 | L7: 21475 | M7: 21424 | N7: 7665
A8: Property, plant and equipment | B8: 46308 | D8: 48304 | F8: 44909 | H8: 57471 | I8: 53965 | J8: 49019 | K8: 53079 | L8: 51673 | M8: 48482 | N8: 47494
A9: Right-of-use assets | B9: 3752 | D9: 4088 | F9: 3934 | H9: 5427 | I9: 4953 | J9: 4612 | K9: 3821 | L9: 0 | M9: 0 | N9: 0
A10: Investments in associates and joint ventures | B10: 307 | D10: 351 | F10: 294 | H10: 291 | I10: 239 | J10: 847 | K10: 865 | L10: 777 | M10: 1062 | N10: 1096
A11: Shares and participations | B11: 8 | D11: 8 | F11: 6 | H11: 6 | I11: 7 | J11: 7 | K11: 8 | L11: 29 | M11: 32 | N11: 32
A12: Surplus in funded pension plans | B12: 4340 | D12: 2475 | F12: 3072 | H12: 1965 | I12: 1439 | J12: 2817 | K12: 2841 | L12: 1117 | M12: 1148 | N12: 335
A13: Non-current receivables, Group companies | B13: - | D13: 0 | F13: 0 | H13: 0 | I13: 0 | J13: 0 | K13: 0 | L13: 0 | M13: 0 | N13: 0
A14: Non-current financial receivables, Group companies | B14: - | D14: 0 | F14: 0 | H14: 0 | I14: 0 | J14: 0 | K14: 0 | L14: 0 | M14: 0 | N14: 3
A15: Non-current financial assets | B15: 142 | D15: 128 | F15: 117 | H15: 123 | I15: 412 | J15: 738 | K15: 694 | L15: 634 | M15: 552 | N15: 714
A16: Deferred tax assets | B16: 2122 | D16: 2326 | F16: 2343 | H16: 2545 | I16: 2012 | J16: 1823 | K16: 2539 | L16: 2158 | M16: 2232 | N16: 1457
A17: Other non-current assets | B17: 725 | D17: 824 | F17: 745 | H17: 1620 | I17: 1411 | J17: 768 | K17: 704 | L17: 705 | M17: 469 | N17: 241
A18: Total non-current assets | B18: 112838 | D18: 120375 | F18: 116102 | H18: 139580 | I18: 124047 | J18: 111529 | K18: 120314 | L18: 112121 | M18: 107098 | N18: 78290
A20: Current assets
A21: Inventories | B21: 18153 | D21: 18914 | F21: 17546 | H21: 28888 | I21: 19339 | J21: 16383 | K21: 15764 | L21: 15234 | M21: 13739 | N21: 10944
A22: Trade receivables | B22: 21332 | D22: 23538 | F22: 21920 | H22: 25990 | I22: 19871 | J22: 17825 | K22: 19864 | L22: 18687 | M22: 17607 | N22: 15843
A23: Current tax assets | B23: 1626 | D23: 1673 | F23: 1289 | H23: 1152 | I23: 952 | J23: 760 | K23: 745 | L23: 2126 | M23: 769 | N23: 740
A24: Current receivables, Group companies | B24: - | D24: 0 | F24: 0 | H24: 0 | I24: 0 | J24: 0 | K24: 0 | L24: 0 | M24: 0 | N24: 57
A25: Current financial receivables, Group companies | B25: - | D25: 0 | F25: 0 | H25: 0 | I25: 0 | J25: 0 | K25: 0 | L25: 0 | M25: 0 | N25: 1433
A26: Other current receivables | B26: 3414 | D26: 4480 | F26: 3391 | H26: 5761 | I26: 5787 | J26: 2173 | K26: 2113 | L26: 2599 | M26: 2549 | N26: 2333
A27: Current financial assets | B27: 1266 | D27: 5342 | F27: 5259 | H27: 4941 | I27: 1150 | J27: 993 | K27: 525 | L27: 422 | M27: 1105 | N27: 244
A28: Non-current assets held for sale | B28: - | D28: 0 | F28: 0 | H28: 0 | I28: 0 | J28: 0 | K28: 42 | L28: 69 | M28: 42 | N28: 156
A29: Cash and cash equivalents | B29: 8487 | D29: 10962 | F29: 5159 | H29: 4288 | I29: 3904 | J29: 4982 | K29: 2928 | L29: 3008 | M29: 4107 | N29: 4244
A30: Total current assets | B30: 54278 | D30: 64909 | F30: 54564 | H30: 71020 | I30: 51003 | J30: 43116 | K30: 41981 | L30: 42145 | M30: 39918 | N30: 35994
A31: Total assets, continuing operations | B31: 167116 | D31: 185284 | F31: 170666 | H31: 0 | I31: 0 | J31: 0 | K31: 0 | L31: 0 | M31: 0 | N31: 0
A32: Assets held for sale | B32: - | D32: 0 | F32: 32327 | H32: 0 | I32: 0 | J32: 0 | K32: 0 | L32: 0 | M32: 0 | N32: 0
A33: Total assets, total operations | B33: 167116 | D33: 185284 | F33: 202993 | H33: 210600 | I33: 175050 | J33: 154645 | K33: 162295 | L33: 154266 | M33: 147016 | N33: 114284
A35: EQUITY AND LIABILITIES
A36: Equity
A37: Owners of the Parent company
A38: Share capital | B38: 2350 | D38: 2350 | F38: 2350 | H38: 2350 | I38: 2350 | J38: 2350 | K38: 2350 | L38: 2350 | M38: 2350 | N38: 0
A39: Reserves | B39: 4257 | D39: 13224 | F39: 9421 | H39: 11477 | I39: 6416 | J39: 581 | K39: 6284 | L39: 5003 | M39: 3154 | N39: 4061
A40: Retained earnings including profit/loss for the year | B40: 79018 | D40: 72740 | F40: 59075 | H40: 53519 | I40: 51108 | J40: 51421 | K40: 45491 | L40: 39788 | M40: 36785 | N40: 29143
A41: Equity attributable to owners of the Parent company | B41: 85625 | D41: 88314 | F41: 70846 | H41: 67346 | I41: 59874 | J41: 54352 | K41: 54125 | L41: 47141 | M41: 42289 | N41: 33204
A42: Non-controlling interests | B42: 415 | D42: 427 | F42: 8559 | G42: 1) | H42: 9218 | I42: 8633 | J42: 8990 | K42: 8676 | L42: 7758 | M42: 7281 | N42: 6376
A43: Total equity | B43: 86040 | D43: 88741 | F43: 79405 | H43: 76564 | I43: 68507 | J43: 63342 | K43: 62801 | L43: 54899 | M43: 49570 | N43: 39580
A45: Non-current liabilities
A46: Non-current financial liabilities | B46: 31386 | D46: 40674 | F46: 45336 | H46: 58242 | I46: 47443 | J46: 38202 | K46: 43079 | L46: 43500 | M46: 47637 | N46: 31299
A47: Non-current liabilities, Group companies | B47: - | D47: 0 | F47: 0 | H47: 0 | I47: 0 | J47: 0 | K47: 0 | L47: 0 | M47: 0 | N47: 48
A48: Provisions for pensions | B48: 2146 | D48: 2578 | F48: 2587 | H48: 2671 | I48: 4149 | J48: 5328 | K48: 5866 | L48: 5258 | M48: 4541 | N48: 5273
A49: Deferred tax liabilities | B49: 6272 | D49: 6978 | F49: 6935 | H49: 8718 | I49: 7574 | J49: 6150 | K49: 6545 | L49: 7272 | M49: 7090 | N49: 3872
A50: Other non-current provisions | B50: 384 | D50: 507 | F50: 466 | H50: 491 | I50: 396 | J50: 445 | K50: 541 | L50: 1694 | M50: 1481 | N50: 1407
A51: Other non-current liabilities | B51: 92 | D51: 516 | F51: 1073 | H51: 1196 | I51: 86 | J51: 105 | K51: 183 | L51: 71 | M51: 79 | N51: 72
A52: Total non-current liabilities | B52: 40280 | D52: 51253 | F52: 56397 | H52: 71318 | I52: 59648 | J52: 50230 | K52: 56214 | L52: 57795 | M52: 60828 | N52: 41971
A54: Current liabilities
A55: Current financial liabilities | B55: 7246 | D55: 6424 | F55: 15648 | H55: 13273 | I55: 10746 | J55: 8688 | K55: 8983 | L55: 10827 | M55: 7201 | N55: 5089
A56: Current liabilities, Group companies | B56: - | D56: 0 | F56: 0 | H56: 0 | I56: 0 | J56: 0 | K56: 0 | L56: 0 | M56: 0 | N56: 259
A57: Current financial liabilities, Group companies | B57: - | D57: 0 | F57: 0 | H57: 0 | I57: 0 | J57: 0 | K57: 0 | L57: 0 | M57: 0 | N57: 485
A58: Trade payables | B58: 14437 | D58: 17098 | F58: 15119 | H58: 25644 | I58: 18030 | J58: 14791 | K58: 15802 | L58: 15911 | M58: 14748 | N58: 12972
A59: Current tax liabilities | B59: 1847 | D59: 1442 | F59: 2165 | H59: 1589 | I59: 1576 | J59: 2301 | K59: 2432 | L59: 570 | M59: 553 | N59: 915
A60: Current provisions | B60: 1200 | D60: 1377 | F60: 1408 | H60: 1217 | I60: 736 | J60: 748 | K60: 1065 | L60: 1472 | M60: 1547 | N60: 1409
A61: Other current liabilities | B61: 16066 | D61: 18949 | F61: 19143 | H61: 20995 | I61: 15807 | J61: 14545 | K61: 14998 | L61: 12792 | M61: 12569 | N61: 11604
A62: Total current liabilities | B62: 40796 | D62: 45290 | F62: 53483 | H62: 62718 | I62: 46895 | J62: 41073 | K62: 43280 | L62: 41572 | M62: 36618 | N62: 32733
A63: Total liabilities, continuing operations | B63: 81076 | D63: 96543 | F63: 109880 | H63: 0 | I63: 0 | J63: 0 | K63: 0 | L63: 0 | M63: 0 | N63: 0
A64: Liabilities directly attributable to assets held for sale | B64: - | D64: 0 | F64: 13708 | H64: 0 | I64: 0 | J64: 0 | K64: 0 | L64: 0 | M64: 0 | N64: 0
A65: Total equity and liabilities, total operations | B65: 167116 | D65: 185284 | F65: 202993 | H65: 210600 | I65: 175050 | J65: 154645 | K65: 162295 | L65: 154266 | M65: 147016 | N65: 114284
A67: 1) Of which attributable to discontinued operations | F67: 8145
A69: Contingent liabilities and pledged assets, see Note G2 in the Annual Report 2025.

Sheet Cash flow
A1: Consolidated operating cash flow statement
A3: SEKm | B3: 20251) | C3: 20241) | D3: 20231) | E3: 20221) | F3: 20211) | G3: 2020 | H3: 2019 | I3: 2018 | J3: 2017 | K3: 2016
A4: Net sales | B4: 138494 | C4: 145546 | D4: 147147 | E4: 131320 | F4: 101466 | G4: 121752 | H4: 128975 | I4: 118500 | J4: 109265 | K4: 101238
A5: Operating expenses | B5: -112772 | C5: -119107 | D5: -122162 | E5: -113542 | F5: -84975 | G5: -97555 | H5: -106416 | I5: -100165 | J5: -90867 | K5: -84498
A6: Operating surplus | B6: 25722 | C6: 26439 | D6: 24985 | E6: 17778 | F6: 16491 | G6: 24197 | H6: 22559 | I6: 18335 | J6: 18398 | K6: 16740
A7: Adjustment for non-cash items | B7: 579 | C7: 559 | D7: 584 | E7: 623 | F7: 496 | G7: 456 | H7: 373 | I7: 235 | J7: 67 | K7: 19
A8: Operating cash surplus | B8: 26301 | C8: 26998 | D8: 25569 | E8: 18401 | F8: 16987 | G8: 24653 | H8: 22932 | I8: 18570 | J8: 18465 | K8: 16759
A9: Change in
A10: Inventories | B10: -916 | C10: -946 | D10: 2505 | E10: -4750 | F10: -1578 | G10: -2207 | H10: -194 | I10: -1017 | J10: -1703 | K10: 1059
A11: Operating receivables | B11: 853 | C11: -2218 | D11: -19 | E11: -3492 | F11: -2171 | G11: 53 | H11: -1949 | I11: -344 | J11: 1522 | K11: -298
A12: Operating liabilities | B12: -2882 | C12: 2756 | D12: -1401 | E12: 4018 | F12: 2777 | G12: 1344 | H12: 2502 | I12: 390 | J12: -559 | K12: 835
A13: Change in working capital | B13: -2945 | C13: -408 | D13: 1085 | E13: -4224 | F13: -972 | G13: -810 | H13: 359 | I13: -971 | J13: -740 | K13: 1596
A14: Investments in non-current assets, net | B14: -6898 | C14: -7332 | D14: -6819 | E14: -5362 | F14: -5182 | G14: -6439 | H14: -5707 | I14: -6781 | J14: -6012 | K14: -6255
A15: Restructuring costs, etc. | B15: -741 | C15: -1456 | D15: -1542 | E15: -659 | F15: -697 | G15: -977 | H15: -1494 | I15: -918 | J15: -1091 | K15: -1102
A16: Investments in operating assets through leases | B16: -719 | C16: -560 | D16: -608 | E16: -476 | F16: -392 | G16: -409 | H16: -451 | I16: 0 | J16: 0 | K16: 0
A17: Operating cash flow | B17: 14998 | C17: 17242 | D17: 17685 | E17: 7680 | F17: 9744 | G17: 16018 | H17: 15639 | I17: 9900 | J17: 10622 | K17: 10998
A19: Financial items | B19: -1384 | C19: -1931 | D19: -2356 | E19: -1320 | F19: -567 | G19: -958 | H19: -1309 | I19: -1157 | J19: -1182 | K19: -835
A20: Income taxes paid | B20: -4713 | C20: -5860 | D20: -3615 | E20: -2175 | F20: -3147 | G20: -3917 | H20: -1130 | I20: -2466 | J20: -2971 | K20: -3782
A21: Other | B21: 27 | C21: 34 | D21: -89 | E21: -97 | F21: -39 | G21: 32 | H21: 8 | I21: 86 | J21: 175 | K21: 149
A22: Cash flow from current operations | B22: 8928 | C22: 9485 | D22: 11625 | E22: 4088 | F22: 5991 | G22: 11175 | H22: 13208 | I22: 6363 | J22: 6644 | K22: 6530
... A30: Dividend to non-controlling interests | B30: -20 | C30: -23 | D30: -2 | E30: -21 | F30: -273 | G30: -423 | H30: -336 | I30: -397 | J30: -285 | K30: -190
A31: Repurchase of own shares | B31: -3160 | C31: -2224
A32: Transactions with shareholders | B32: 0 | C32: 0 | D32: 0 | E32: 0 | F32: 0 | G32: 0 | H32: 0 | I32: 0 | J32: 838 | K32: -14571
A33: Net cash flow continuing operations | B33: 42 | C33: 25635 | D33: 7598 | E33: -5804 | F33: -10821
A34: Net cash flow discontinued operations | B34: 0 | C34: -467 | D34: 866 | E34: 952 | F34: 628
A35: Net cash flow total operations | B35: 42 | C35: 25168 | D35: 8464 | E35: -4852 | F35: -10193 | G35: 6046 | H35: 8915 | I35: 1307 | J35: -18791 | K35: -13967
A38: Net debt, January 1 | B38: -30769 | C38: -53703 | D38: -62869 | E38: -55433 | F38: -42688 | G38: -50940 | H38: -54404 | I38: -52467 | J38: -35173 | K38: -19058
A39: Changed opening balance for net debt due to IFRS 16 Leases | B39: 0 | C39: 0 | D39: 0 | E39: 0 | F39: 0 | G39: 0 | H39: -3786 | I39: 0 | J39: 0 | K39: 0
A40: Net cash flow | B40: 42 | C40: 25168 | D40: 8464 | E40: -4852 | F40: -10193 | G40: 6046 | H40: 8915 | I40: 1307 | J40: -18791 | K40: -13967
A41: Remeasurements to equity | B41: 2423 | C41: 96 | D41: 1339 | E41: 2281 | F41: -147 | G41: -199 | H41: 488 | I41: -1041 | J41: 1061 | K41: -1570
A42: Investments in non-operating assets through leases | B42: -331 | C42: -581 | D42: -491 | E42: -562 | F42: -385 | G42: -399 | H42: -434 | I42: 0 | J42: 0 | K42: 0
A43: Translation differences | B43: 2092 | C43: -1749 | D43: -146 | E43: -4303 | F43: -2020 | G43: 2804 | H43: -1719 | I43: -2203 | J43: 436 | K43: -578
A44: Net debt, December 31 | B44: -26543 | C44: -30769 | D44: -53703 | E44: -62869 | F44: -55433 | G44: -42688 | H44: -50940 | I44: -54404 | J44: -52467 | K44: -35173
A46: 1) Operating cash flow statement for the 2021-2025 period refers to continuing operations.

Sheet Essity multi-year summary
A1: Multi-year summary
A3: SEKm | B3: 2025 | C3: 2024 | D3: 2023 | E3: 2022 | F3: 2021 | G3: 2020 | H3: 2019 | I3: 2018 | J3: 2017 | K3: 2016
A4: INCOME STATEMENT 1)
A5: Net sales | B5: 138494 | C5: 145546 | D5: ='Income statement'!D4 -> 147147 | E5: ='Income statement'!E4 -> 131320 | F5: ='Income statement'!F4 -> 101466 | G5: ='Income statement'!G4 -> 121752 | H5: ='Income statement'!H4 -> 128975 | I5: ='Income statement'!I4 -> 118500 | J5: ='Income statement'!J4 -> 109265 | K5: ='Income statement'!K4 -> 101238
A6: EBITA excl. IAC | B6: 19572 | C6: 20344 | D6: ='Income statement'!D61 -> 18898 | E6: ='Income statement'!E61 -> 12047 | F6: ='Income statement'!F61 -> 11451 | G6: ='Income statement'!G61 -> 17626 | H6: ='Income statement'!H61 -> 15840 | I6: ='Income statement'!I61 -> 12935 | J6: ='Income statement'!J61 -> 13405 | K6: ='Income statement'!K61 -> 11992
A7: Health & Medical | B7: 4946 | C7: 5509 | D7: 4037 | E7: 2904 | F7: 3800 | G7: 3668 | H7: 3734
A8: Consumer Goods | B8: 9605 | C8: 9509 | D8: 9797 | E8: 6354 | F8: 5767 | G8: 11538 | H8: 8333
A9: Professional Hygiene | B9: 6364 | C9: 6829 | D9: 6288 | E9: 3843 | F9: 2673 | G9: 3317 | H9: 4463
A10: Other operations | B10: -1343 | C10: -1503 | D10: -1224 | E10: -1054 | F10: -789 | G10: -897 | H10: -690 | I10: -591 | J10: -620 | K10: -577
A11: Items affecting comparability (IAC) | B11: -69 | C11: -869 | D11: -2291 | E11: -2171 | F11: 371 | G11: -59 | H11: -713 | I11: -1375 | J11: -855 | K11: -2645
A12: EBITA2) | B12: 19503 | C12: 19475 | D12: ='Income statement'!D12 -> 16607.187 | E12: ='Income statement'!E12 -> 9876 | F12: ='Income statement'!F12 -> 11823 | G12: ='Income statement'!G12 -> 17567 | H12: ='Income statement'!H12 -> 15127 | I12: ='Income statement'!I12 -> 11560 | J12: ='Income statement'!J12 -> 12550 | K12: ='Income statement'!K12 -> 9347
A13: Amortization of acquisition-related intangible assets | B13: -972 | C13: -1110 | D13: ='Income statement'!D14 -> -1109 | E13: ='Income statement'!E14 -> -1111 | F13: ='Income statement'!F14 -> -844 | G13: ='Income statement'!G14 -> -809 | H13: ='Income statement'!H14 -> -778 | I13: ='Income statement'!I14 -> -732 | J13: ='Income statement'!J14 -> -560 | K13: ='Income statement'!K14 -> -159
A14: Items affecting comparability (IAC) | B14: - | C14: -70 | D14: ='Income statement'!D15 -> -350 | E14: ='Income statement'!E15 -> -274 | F14: ='Income statement'!F15 -> 0 | G14: ='Income statement'!G15 -> 0 | H14: ='Income statement'!H15 -> 0 | I14: ='Income statement'!I15 -> -69 | J14: ='Income statement'!J15 -> -85 | K14: ='Income statement'!K15 -> -180
A15: Operating profit | B15: 18531 | C15: 18295 | D15: ='Income statement'!D16 -> 15148.187 | E15: ='Income statement'!E16 -> 8491 | F15: ='Income statement'!F16 -> 10979 | G15: ='Income statement'!G16 -> 16758 | H15: ='Income statement'!H16 -> 14349 | I15: ='Income statement'!I16 -> 10759 | J15: ='Income statement'!J16 -> 11905 | K15: ='Income statement'!K16 -> 9008
A16: Share of results of associates and joint ventures 2) | B16: 14 | C16: 0 | D16: 0 | E16: 0 | F16: 0 | G16: 0 | H16: 0 | I16: 0 | J16: 0 | K16: 0
A17: Financial income3) | B17: 257 | C17: 593 | D17: ='Income statement'!D19 -> 412 | E17: ='Income statement'!E19 -> 141 | F17: ='Income statement'!F19 -> 81 | G17: ='Income statement'!G19 -> 108 | H17: ='Income statement'!H19 -> 106 | I17: ='Income statement'!I19 -> 91 | J17: ='Income statement'!J19 -> 158 | K17: ='Income statement'!K19 -> 202
A18: Financial expenses | B18: -1641 | C18: -2524 | D18: ='Income statement'!D20 -> -2768 | E18: ='Income statement'!E20 -> -1461 | F18: ='Income statement'!F20 -> -648 | G18: ='Income statement'!G20 -> -1066 | H18: ='Income statement'!H20 -> -1415 | I18: ='Income statement'!I20 -> -1248 | J18: ='Income statement'!J20 -> -1340 | K18: ='Income statement'!K20 -> -1037
A19: Profit before tax | B19: 17161 | C19: 16364 | D19: ='Income statement'!D21 -> 12792.187 | E19: ='Income statement'!E21 -> 7171 | F19: ='Income statement'!F21 -> 10412 | G19: ='Income statement'!G21 -> 15800 | H19: ='Income statement'!H21 -> 13040 | I19: ='Income statement'!I21 -> 9602 | J19: ='Income statement'!J21 -> 10723 | K19: ='Income statement'!K21 -> 8173
A20: Income taxes | B20: -4443 | C20: -4331 | D20: ='Income statement'!D23 -> -3275 | E20: ='Income statement'!E23 -> -2006 | F20: ='Income statement'!F23 -> -2398 | G20: ='Income statement'!G23 -> -4053 | H20: ='Income statement'!H23 -> -2828 | I20: ='Income statement'!I23 -> -1050 | J20: ='Income statement'!J23 -> -1938 | K20: ='Income statement'!K23 -> -3931
A21: Profit for the period | B21: 12718 | C21: 12033 | D21: ='Income statement'!D24 -> 9517.1874 | E21: ='Income statement'!E24 -> 5165 | F21: ='Income statement'!F24 -> 8014 | G21: ='Income statement'!G27 -> 11747 | H21: ='Income statement'!H27 -> 10212 | I21: ='Income statement'!I27 -> 8552 | J21: ='Income statement'!J27 -> 8785 | K21: ='Income statement'!K27 -> 4242
A23: BALANCE SHEET
A24: Non-current assets (excluding financial receivables) | B24: 108356 | C24: 117772 | D24: =SUM('Balance sheet'!F6:F11,'Balance sheet'!F13,'Balance sheet'!F16:F17) -> 112913 | E24: =SUM('Balance sheet'!H6:H11,'Balance sheet'!H13,'Balance sheet'!H16:H17) -> 137492 | F24: =SUM('Balance sheet'!I6:I11,'Balance sheet'!I13,'Balance sheet'!I16:I17) -> 122196 | G24: =SUM('Balance sheet'!J6:J11,'Balance sheet'!J13,'Balance sheet'!J16:J17) -> 107974 | H24: =SUM('Balance sheet'!K6:K11,'Balance sheet'!K13,'Balance sheet'!K16:K17) -> 116779 | I24: =SUM('Balance sheet'!L6:L11,'Balance sheet'!L13,'Balance sheet'!L16:L17) -> 110370 | J24: =SUM('Balance sheet'!M6:M11,'Balance sheet'!M13,'Balance sheet'!M16:M17) -> 105398 | K24: =SUM('Balance sheet'!N6:N11,'Balance sheet'!N13,'Balance sheet'!N16:N17) -> 77238
A25: Receivables and inventories | B25: 44525 | C25: 48605 | D25: =SUM('Balance sheet'!F21:F24,'Balance sheet'!F26) -> 44146 | E25: =SUM('Balance sheet'!H21:H24,'Balance sheet'!H26) -> 61791 | F25: =SUM('Balance sheet'!I21:I24,'Balance sheet'!I26) -> 45949 | G25: =SUM('Balance sheet'!J21:J24,'Balance sheet'!J26) -> 37141 | H25: =SUM('Balance sheet'!K21:K24,'Balance sheet'!K26) -> 38486 | I25: =SUM('Balance sheet'!L21:L24,'Balance sheet'!L26) -> 38646 | J25: =SUM('Balance sheet'!M21:M24,'Balance sheet'!M26) -> 34664 | K25: =SUM('Balance sheet'!N21:N24,'Balance sheet'!N26) -> 29917
A26: Non-current assets held for sale | B26: 0 | C26: 0 | D26: ='Balance sheet'!F28 -> 0 | E26: ='Balance sheet'!H28 -> 0 | F26: ='Balance sheet'!I28 -> 0 | G26: ='Balance sheet'!J28 -> 0 | H26: ='Balance sheet'!K28 -> 42 | I26: ='Balance sheet'!L28 -> 69 | J26: ='Balance sheet'!M28 -> 42 | K26: ='Balance sheet'!N28 -> 156
A27: Financial receivables | B27: 4482 | C27: 2603 | D27: =SUM('Balance sheet'!F12,'Balance sheet'!F14:F15) -> 3189 | E27: =SUM('Balance sheet'!H12,'Balance sheet'!H14:H15) -> 2088 | F27: =SUM('Balance sheet'!I12,'Balance sheet'!I14:I15) -> 1851 | G27: =SUM('Balance sheet'!J12,'Balance sheet'!J14:J15) -> 3555 | H27: =SUM('Balance sheet'!K12,'Balance sheet'!K14:K15) -> 3535 | I27: =SUM('Balance sheet'!L12,'Balance sheet'!L14:L15) -> 1751 | J27: =SUM('Balance sheet'!M12,'Balance sheet'!M14:M15) -> 1700 | K27: =SUM('Balance sheet'!N12,'Balance sheet'!N14:N15) -> 1052
A28: Current financial assets | B28: 1266 | C28: 5342 | D28: =SUM('Balance sheet'!F25,'Balance sheet'!F27) -> 5259 | E28: =SUM('Balance sheet'!H25,'Balance sheet'!H27) -> 4941 | F28: =SUM('Balance sheet'!I25,'Balance sheet'!I27) -> 1150 | G28: =SUM('Balance sheet'!J25,'Balance sheet'!J27) -> 993 | H28: =SUM('Balance sheet'!K25,'Balance sheet'!K27) -> 525 | I28: =SUM('Balance sheet'!L25,'Balance sheet'!L27) -> 422 | J28: =SUM('Balance sheet'!M25,'Balance sheet'!M27) -> 1105 | K28: =SUM('Balance sheet'!N25,'Balance sheet'!N27) -> 1677
A29: Cash and cash equivalents | B29: 8487 | C29: 10962 | D29: ='Balance sheet'!F29 -> 5159 | E29: ='Balance sheet'!H29 -> 4288 | F29: ='Balance sheet'!I29 -> 3904 | G29: ='Balance sheet'!J29 -> 4982 | H29: ='Balance sheet'!K29 -> 2928 | I29: ='Balance sheet'!L29 -> 3008 | J29: ='Balance sheet'!M29 -> 4107 | K29: ='Balance sheet'!N29 -> 4244
A30: Assets held for sale, discontinued operations | B30: 0 | C30: 0 | D30: ='Balance sheet'!F32 -> 32327 | E30: ='Balance sheet'!G32 -> 0 | F30: ='Balance sheet'!H32 -> 0 | G30: ='Balance sheet'!I32 -> 0 | H30: ='Balance sheet'!J32 -> 0 | I30: ='Balance sheet'!K32 -> 0 | J30: ='Balance sheet'!L32 -> 0 | K30: ='Balance sheet'!M32 -> 0
A31: Total assets | B31: 167116 | C31: 185284 | D31: ='Balance sheet'!F33 -> 202993 | E31: ='Balance sheet'!H33 -> 210600 | F31: ='Balance sheet'!I33 -> 175050 | G31: ='Balance sheet'!J33 -> 154645 | H31: ='Balance sheet'!K33 -> 162295 | I31: ='Balance sheet'!L33 -> 154266 | J31: ='Balance sheet'!M33 -> 147016 | K31: ='Balance sheet'!N33 -> 114284
A33: Equity | B33: 85625 | C33: 88314 | D33: ='Balance sheet'!F41 -> 70846 | E33: ='Balance sheet'!H41 -> 67346 | F33: ='Balance sheet'!I41 -> 59874 | G33: ='Balance sheet'!J41 -> 54352 | H33: ='Balance sheet'!K41 -> 54125 | I33: ='Balance sheet'!L41 -> 47141 | J33: ='Balance sheet'!M41 -> 42289 | K33: ='Balance sheet'!N41 -> 33204
A34: Non-controlling interests | B34: 415 | C34: 427 | D34: ='Balance sheet'!F42 -> 8559 | E34: ='Balance sheet'!H42 -> 9218 | F34: ='Balance sheet'!I42 -> 8633 | G34: ='Balance sheet'!J42 -> 8990 | H34: ='Balance sheet'!K42 -> 8676 | I34: ='Balance sheet'!L42 -> 7758 | J34: ='Balance sheet'!M42 -> 7281 | K34: ='Balance sheet'!N42 -> 6376
A35: Provisions | B35: 10002 | C35: 11440 | D35: =SUM('Balance sheet'!F48:F49,'Balance sheet'!F50,'Balance sheet'!F60) -> 11396 | E35: =SUM('Balance sheet'!H48:H49,'Balance sheet'!H50,'Balance sheet'!H60) -> 13097 | F35: =SUM('Balance sheet'!I48:I49,'Balance sheet'!I50,'Balance sheet'!I60) -> 12855 | G35: =SUM('Balance sheet'!J48:J49,'Balance sheet'!J50,'Balance sheet'!J60) -> 12671 | H35: =SUM('Balance sheet'!K48:K49,'Balance sheet'!K50,'Balance sheet'!K60) -> 14017 | I35: =SUM('Balance sheet'!L48:L49,'Balance sheet'!L50,'Balance sheet'!L60) -> 15696 | J35: =SUM('Balance sheet'!M48:M49,'Balance sheet'!M50,'Balance sheet'!M60) -> 14659 | K35: =SUM('Balance sheet'!N48:N49,'Balance sheet'!N50,'Balance sheet'!N60) -> 11961
A36: Interest-bearing debt | B36: 38632 | C36: 47098 | D36: =SUM('Balance sheet'!F46,'Balance sheet'!F55,'Balance sheet'!F57) -> 60984 | E36: =SUM('Balance sheet'!H46,'Balance sheet'!H55,'Balance sheet'!H57) -> 71515 | F36: =SUM('Balance sheet'!I46,'Balance sheet'!I55,'Balance sheet'!I57) -> 58189 | G36: =SUM('Balance sheet'!J46,'Balance sheet'!J55,'Balance sheet'!J57) -> 46890 | H36: =SUM('Balance sheet'!K46,'Balance sheet'!K55,'Balance sheet'!K57) -> 52062 | I36: =SUM('Balance sheet'!L46,'Balance sheet'!L55,'Balance sheet'!L57) -> 54327 | J36: =SUM('Balance sheet'!M46,'Balance sheet'!M55,'Balance sheet'!M57) -> 54838 | K36: =SUM('Balance sheet'!N46,'Balance sheet'!N55,'Balance sheet'!N57) -> 36873
A37: Operating and other non-interest bearing liabilities | B37: 32442 | C37: 38005 | D37: =SUM('Balance sheet'!F47,'Balance sheet'!F51,'Balance sheet'!F56,'Balance sheet'!F58:F59,'Balance sheet'!F61) -> 37500 | E37: =SUM('Balance sheet'!H47,'Balance sheet'!H51,'Balance sheet'!H56,'Balance sheet'!H58:H59,'Balance sheet'!H61) -> 49424 | F37: =SUM('Balance sheet'!I47,'Balance sheet'!I51,'Balance sheet'!I56,'Balance sheet'!I58:I59,'Balance sheet'!I61) -> 35499 | G37: =SUM('Balance sheet'!J47,'Balance sheet'!J51,'Balance sheet'!J56,'Balance sheet'!J58:J59,'Balance sheet'!J61) -> 31742 | H37: =SUM('Balance sheet'!K47,'Balance sheet'!K51,'Balance sheet'!K56,'Balance sheet'!K58:K59,'Balance sheet'!K61) -> 33415 | I37: =SUM('Balance sheet'!L47,'Balance sheet'!L51,'Balance sheet'!L56,'Balance sheet'!L58:L59,'Balance sheet'!L61) -> 29344 | J37: =SUM('Balance sheet'!M47,'Balance sheet'!M51,'Balance sheet'!M56,'Balance sheet'!M58:M59,'Balance sheet'!M61) -> 27949 | K37: =SUM('Balance sheet'!N47,'Balance sheet'!N51,'Balance sheet'!N56,'Balance sheet'!N58:N59,'Balance sheet'!N61) -> 25870
A38: Liabilities directly associated with assets held for sale | B38: 0 | C38: 0 | D38: ='Balance sheet'!F64 -> 13708 | E38: ='Balance sheet'!G64 -> 0 | F38: ='Balance sheet'!H64 -> 0 | G38: ='Balance sheet'!I64 -> 0 | H38: ='Balance sheet'!J64 -> 0 | I38: ='Balance sheet'!K64 -> 0 | J38: ='Balance sheet'!L64 -> 0 | K38: ='Balance sheet'!M64 -> 0
A39: Total equity and liabilities | B39: 167116 | C39: 185284 | D39: ='Balance sheet'!F65 -> 202993 | E39: ='Balance sheet'!H65 -> 210600 | F39: ='Balance sheet'!I65 -> 175050 | G39: ='Balance sheet'!J65 -> 154645 | H39: ='Balance sheet'!K65 -> 162295 | I39: ='Balance sheet'!L65 -> 154266 | J39: ='Balance sheet'!M65 -> 147016 | K39: ='Balance sheet'!N65 -> 114284
A41: Average capital employed 3) | B41: 113649 | C41: 115346 | D41: 115105 | E41: 110727 | F41: 92227 | G41: 112473 | H41: 114663 | I41: 107575 | J41: 90167 | K41: 73145
A42: Net debt, including pension provisions | B42: 26543 | C42: 30769 | D42: =-'Cash flow'!D44 -> 53703 | E42: =-'Cash flow'!E44 -> 62869 | F42: =-'Cash flow'!F44 -> 55433 | G42: =-'Cash flow'!G44 -> 42688 | H42: =-'Cash flow'!H44 -> 50940 | I42: =-'Cash flow'!I44 -> 54404 | J42: =-'Cash flow'!J44 -> 52467 | K42: =-'Cash flow'!K44 -> 35173
A44: OPERATING CASH FLOW STATEMENT 1)
A45: Operating cash flow | B45: 14998 | C45: 17242 | D45: ='Cash flow'!D17 -> 17685 | E45: ='Cash flow'!E17 -> 7680 | F45: ='Cash flow'!F17 -> 9744 | G45: ='Cash flow'!G17 -> 16018 | H45: ='Cash flow'!H17 -> 15639 | I45: ='Cash flow'!I17 -> 9900 | J45: ='Cash flow'!J17 -> 10622 | K45: ='Cash flow'!K17 -> 10998
A46: Cash flow from current operations | B46: 8928 | C46: 9485 | D46: ='Cash flow'!D22 -> 11625 | E46: ='Cash flow'!E22 -> 4088 | F46: ='Cash flow'!F22 -> 5991 | G46: ='Cash flow'!G22 -> 11175 | H46: ='Cash flow'!H22 -> 13208 | I46: ='Cash flow'!I22 -> 6363 | J46: ='Cash flow'!J22 -> 6644 | K46: ='Cash flow'!K22 -> 6530
A47: Cash flow before transactions with shareholders | B47: 8933 | C47: 33325 | D47: ='Cash flow'!D26 -> 12692 | E47: ='Cash flow'!E26 -> -867 | F47: ='Cash flow'!F26 -> -5807 | G47: ='Cash flow'!G26 -> 10795 | H47: ='Cash flow'!H26 -> 13285 | I47: ='Cash flow'!I26 -> 5737 | J47: ='Cash flow'!J26 -> -19372 | K47: ='Cash flow'!K26 -> 359
A48: Investments in non-current assets, net | B48: -6898 | C48: -7332 | D48: ='Cash flow'!D14 -> -6819 | E48: ='Cash flow'!E14 -> -5362 | F48: ='Cash flow'!F14 -> -5182 | G48: ='Cash flow'!G14 -> -6439 | H48: ='Cash flow'!H14 -> -5707 | I48: ='Cash flow'!I14 -> -6781 | J48: ='Cash flow'!J14 -> -6012 | K48: ='Cash flow'!K14 -> -6255
A49: Acquisitions of Group companies and other operations | B49: 0 | C49: -68 | D49: ='Cash flow'!D23 -> -182 | E49: ='Cash flow'!E23 -> -4955 | F49: ='Cash flow'!F23 -> -11813 | G49: ='Cash flow'!G23 -> -747 | H49: ='Cash flow'!H23 -> -143 | I49: ='Cash flow'!I23 -> -694 | J49: ='Cash flow'!J23 -> -26045 | K49: ='Cash flow'!K23 -> -6540
A50: Divestments of Group companies and other operations | B50: 5 | C50: 23908 | D50: ='Cash flow'!D24 -> 1249 | E50: ='Cash flow'!E24 -> 0 | F50: ='Cash flow'!F24 -> 15 | G50: ='Cash flow'!G24 -> 367 | H50: ='Cash flow'!H24 -> 220 | I50: ='Cash flow'!I24 -> 68 | J50: ='Cash flow'!J24 -> 29 | K50: ='Cash flow'!K24 -> 369
A51: Net cash flow | B51: 42 | C51: 25635 | D51: ='Cash flow'!D33 -> 7598 | E51: ='Cash flow'!E33 -> -5804 | F51: ='Cash flow'!F33 -> -10821 | G51: ='Cash flow'!G35 -> 6046 | H51: ='Cash flow'!H35 -> 8915 | I51: ='Cash flow'!I35 -> 1307 | J51: ='Cash flow'!J35 -> -18791 | K51: ='Cash flow'!K35 -> -13967
A53: 1) Income statement and operating cash flow statement for the 2021-2025 period refer to continuing operations.
A54: 2) Until 2024, the share of results of associates and joint ventures was recognized in operating profit. From 2025 onwards, these results are recognized below operating profit.
A55: 3) Calculation of average capital employed is based on five measurements.

Sheet Key figures
A1: Key figures
B3: 2025 | C3: 2024 | D3: 2023 | E3: 2022 | F3: 2021 | G3: 2020 | H3: 2019 | I3: 2018 | J3: 2017 | K3: 2016 | L3: 2015
B4: SEK | C4: SEK | D4: SEK | E4: SEK | F4: SEK | G4: SEK | H4: SEK | I4: SEK | J4: SEK | K4: SEK | L4: SEK
A5: Equity/assets ratio, % | B5: 51 | C5: 48 | D5: 35 | E5: 32 | F5: 34 | G5: 35 | H5: 33 | I5: 31 | J5: 29 | K5: 29 | L5: 37
A6: Interest coverage ratio 1) | B6: 13.4 | C6: 9.5 | D6: 6.4 | E6: 6.4 | F6: 19.4 | G6: 17.5 | H6: 11 | I6: 9.3 | J6: 10.1 | K6: 10.8 | L6: 11.7
A7: Debt payment capacity, including pension liabilities, % 1) | B7: 74 | C7: 59 | D7: 34 | E7: 24 | F7: 26 | G7: 46 | H7: 38 | I7: 25 | J7: 26 | K7: 29 | L7: 65
A8: Debt/equity ratio, including pension liabilities | B8: 0.31 | C8: 0.35 | D8: 0.68 | E8: 0.82 | F8: 0.81 | G8: 0.67 | H8: 0.81 | I8: 0.99 | J8: 1.06 | K8: 0.89 | L8: 0.39
A9: Debt/equity ratio, excluding pension liabilities | B9: 0.33 | C9: 0.35 | D9: 0.68 | E9: 0.81 | F9: 0.77 | G9: 0.63 | H9: 0.76 | I9: 0.92 | J9: 0.99 | K9: 0.76 | L9: 0.34
A10: Return on capital employed, % 1) | B10: 17.2 | C10: 16.9 | D10: 14.4 | E10: 8.9 | F10: 12.8 | G10: 15.6 | H10: 13.2 | I10: 10.8 | J10: 13.9 | K10: 12.8 | L10: 13.8
A11: Return on capital employed excl. IAC, % 1) | B11: 17.2 | C11: 17.6 | D11: 16.4 | E11: 10.9 | F11: 12.4 | G11: 15.7 | H11: 13.8 | I11: 12 | J11: 14.9 | K11: 16.4 | L11: 15.1
A12: Return on equity, % | B12: 15.2 | C12: 25.2 | D12: 12.5 | E12: 8.1 | F12: 15 | G12: 18.2 | H12: 17.4 | I12: 16.1 | J12: 19.8 | K12: 9.3 | L12: 13.9
A13: EBITA margin, % 1) | B13: 14.1 | C13: 13.4 | D13: 11.3 | E13: 7.5 | F13: 11.7 | G13: 14.4 | H13: 11.7 | I13: 9.8 | J13: 11.5 | K13: 9.2 | L13: 10.5
A14: EBITA margin excl. IAC, % 1) | B14: 14.1 | C14: 14 | D14: 12.8 | E14: 9.2 | F14: 11.3 | G14: 14.5 | H14: 12.3 | I14: 10.9 | J14: 12.3 | K14: 11.8 | L14: 10.8
A15: Operating margin, % 1) | B15: 13.4 | C15: 12.6 | D15: 10.3 | E15: 6.5 | F15: 10.8 | G15: 13.8 | H15: 11.1 | I15: 9.1 | J15: 10.9 | K15: 8.9 | L15: 9.8
A16: Operating margin excl. IAC, % 1) | B16: 13.4 | C16: 13.2 | D16: 12.1 | E16: 8.3 | F16: 10.5 | G16: 13.8 | H16: 11.7 | I16: 10.3 | J16: 11.8 | K16: 11.7 | L16: 10.6
... A20: Earnings per share, SEK | B20: 18.37 | C20: 29.83 | D20: 13.6 | E20: 7.93 | F20: 12.27 | G20: 14.56 | H20: 13.12 | I20: 11.23 | J20: 11.56 | K20: 5.41 | L20: 8.73
A21: Dividend per share, SEK 2) | B21: 8.75 | C21: 8.25 | D21: 7.75 | E21: 7.25 | F21: 7 | G21: 6.75 | H21: 6.25 | I21: 5.75 | J21: 5.75
A23: 1) The key figure for the 2021-2025 period refers to continuing operations.
A24: 2) For the 2025 fiscal year, the Board of Directors has decided to propose a dividend of SEK 8.75 per share to the Annual General Meeting.
